 Dungeon Crawl Stone Soup version 0.29-a0-541-gaf1fc19f1b (webtiles) character file.

Game seed: 95227415423107120

371 Morbidden the Conjurer (level 6, -2/48 HPs)
             Began as a Demigod Conjurer on June 2, 2022.
             Killed from afar by Blork the orc (9 damage)
             ... with a puff of frost
             ... on level 4 of the Dungeon.
             The game lasted 00:05:24 (3790 turns).

Morbidden the Conjurer (Demigod Conjurer)           Turns: 3790, Time: 00:05:25

Health: -2/48      AC:  4    Str:  8    XL:     6   Next: 18%
Magic:  3/13       EV: 12    Int: 28    God:
Gold:   222        SH:  0    Dex: 12    Spells: 8/11 levels left

rFire   . . .      SeeInvis .   a - +2 dagger (elec)
rCold   . . .      Faith    .   p - orb {mayhem}
rNeg    . . .      Spirit   .   A - +0 robe
rPois   .          Reflect  .   t - +0 helmet
rElec   .          Harm     .   n - +0 cloak
rCorr   .          Rampage  .   (no gloves)
Will    .....                   (no boots)
Stlth   ++........              (no amulet)
HPRegen 0.16/turn               j - ring of flight
MPRegen 0.13/turn               (no ring)

@: flying
A: high MP 1, forlorn, divine attributes
a: no special abilities


You were on level 4 of the Dungeon.
You visited 1 branch of the dungeon, and saw 4 of its levels.

You collected 222 gold pieces.

Inventory:

Hand Weapons
 a - a +2 dagger of electrocution (weapon)
Missiles
 s - 2 throwing nets
Armour
 n - a +0 cloak (worn)
 p - an orb of mayhem (worn)
 t - a +0 helmet (worn)
 A - a +0 robe (worn)
Jewellery
 j - a ring of flight (left hand)
Scrolls
 f - 2 scrolls of poison
 l - 2 scrolls of teleportation
 m - a scroll of fog
 q - 2 scrolls of identify
Potions
 b - 2 potions of magic
 c - 2 potions of curing {unknown}
 d - a potion of brilliance {unknown}
 e - a potion of ambrosia {unknown}
 g - a potion of lignification {unknown}
 h - a potion of might {unknown}
 o - a potion of resistance {unknown}


   Skills:
 * Level 1.9 Fighting
 + Level 0.7 Short Blades
 * Level 2.7 Dodging
 + Level 2.1 Stealth
 * Level 1.6 Unarmed Combat
 * Level 3.1 Spellcasting
 * Level 4.9 Conjurations


You had 8 spell levels left.
You knew the following spells:

 Your Spells              Type           Power      Damage    Failure   Level
a - Magic Dart            Conj           100%       1d8       1%          1
b - Searing Ray           Conj           64%        2d6       1%          2

Your spell library contained the following spells:

 Spells                   Type           Power      Damage    Failure   Level
 Dazzling Flash           Conj/Hex       36%        N/A       9%          3
 Fulminant Prism          Conj/Hex       9%         3d7       28%         4
 Iskenderun's Mystic Bla  Conj/Tloc      18%        2d6       28%         4


Dungeon Overview and Level Annotations

Branches:
Dungeon (4/15)
 Temple: D:4-7

Shops:
D:4 !

Annotations:
D:4 Blork the orc


Innate Abilities, Weirdness & Mutations

You have an increased reservoir of magic. (+10% MP)
You shall have no god before yourself.
Your divine heritage dramatically boosts your attributes as you level up.


Message History

Casting: Searing Ray (safe; 1% risk of failure)
Confirm with . or Enter, or press ? or * to list all spells.
Aiming: Searing Ray (safe; 1% risk of failure)
Press: ? - help, Shift-Dir - straight line, f - hound
Aim: a hound (71% to hit)
The searing ray hits the hound!
The hound is heavily wounded.
The searing ray hits something. (Press . to maintain the ray.)
The hound closely misses you. The hound bites you.
Unknown command.
Unknown command.
The searing ray misses the hound.
The searing ray hits something.
You feel a bit more experienced. The hound misses you.
The searing ray misses the hound.
The hound barely misses you. The hound closely misses you.
The searing ray misses the hound.
You finish channelling your searing ray.
The hound bites you but does no damage.
You hear some strange, mumbled words.
Unknown command.
The hound attacks as you move away! The hound barely misses you.
Something hits you. The hound bites you.
Unknown command.
The hound attacks as you move away! The hound bites you but does no damage.
Something hits you.
* * * LOW HITPOINT WARNING * * *
Unknown command.
You hear some strange, mumbled words.
A puff of frost appears from out of thin air!
The puff of frost misses you. The hound barely misses you.
Unknown command.
You feel a bit more experienced. Something hits you.
* * * LOW HITPOINT WARNING * * *
There is a stone staircase leading down here.
The hound bites you but does no damage.
You hear some strange, mumbled words.
A puff of frost appears from out of thin air!
The puff of frost hits you!
You die...

## #.# ##. #.##
#..##...#
#....#..#
###.......##
#..........#
#.........#
###...h@.###
#.....{....#
##.........#
###..........#
#...........##
#.............
##♣#..............
♣.∩.♣.........###.
#.♣....##....##


You could see a hound.

Vanquished Creatures
  A phantom (D:3)
  4 gnolls (D:3)
  5 adders
  A worm (D:2)
  An orc (D:3)
  4 ball pythons
  7 bats
  4 endoplasms
  3 giant cockroaches
  5 goblins
  10 hobgoblins
  15 jackals
  9 kobolds
  2 quokkas (D:3)
  9 frilled lizards
  2 rats (D:2)
82 creatures vanquished.

Vanquished Creatures (collateral kills)
  A necrophage (D:4)
  A hound (D:4)
  An iguana (D:4)
  A dart slug (D:3)
  2 jackals (D:3)
  4 frilled lizards (D:3)
10 creatures vanquished.

Vanquished Creatures (others)
  6 plants (D:3)
6 creatures vanquished.

Grand Total: 98 creatures vanquished

Notes
Turn   | Place    | Note
-------+----------+-------------------------------------------
     0 | D:1      | Morbidden the Demigod Conjurer began the quest for the Orb.
     0 | D:1      | Reached XP level 1. HP: 14/14 MP: 5/5
   337 | D:1      | Reached XP level 2. HP: 22/22 MP: 2/7
   483 | D:1      | Reached skill level 4 in Conjurations
   878 | D:1      | Reached XP level 3. HP: 27/27 MP: 5/8
  1050 | D:2      | Reached skill level 1 in Fighting
  1841 | D:2      | Learned a level 2 spell: Searing Ray
  2283 | D:3      | Reached XP level 4. HP: 35/35 MP: 3/9
  2598 | D:3      | Reached skill level 1 in Unarmed Combat
  2868 | D:3      | Noticed a phantom
  2874 | D:3      | Killed a phantom
  2875 | D:3      | Reached XP level 5. HP: 41/41 MP: 3/11
  3775 | D:4      | Found Guisaz's Distillery.
  3775 | D:4      | Noticed Blork the orc
  3781 | D:4      | Reached XP level 6. HP: 27/48 MP: 7/13
  3790 | D:4      | Killed from afar by Blork the orc

Illustrated notes

Levels and vault maps discovered:
D:1:      dpeg_arrival_shelter, layout_rooms, hangedman_decor_push,
          dreamdust_princess_corridor
D:2:      layout_basic
D:3:      layout_basic, minmay_lizard_king
D:4:      layout_cave_pools, serial_shops, nicolae_shop_trees,
          lightli_sewer_entry_pipes, serial_park, serial_park_square3
          [serial_park_minivault_5x5_7], serial_park_gazebo
          [serial_park_minivault_5x5_3], serial_park_square2,
          serial_park_tiny_1, kennysheep_big_empty_room,
          minmay_hollow_rounded_squares, uniq_blork_the_orc

Skill      XL: |  1  2  3  4  5 |
---------------+----------------+-----
Dodging        | 2 |  2.7
Conjurations   | 4 |  4.9
Fighting       | 1 |  1.9
Spellcasting   | 2 3 |  3.1
Unarmed Combat | 1 |  1.6
Stealth        | 2 |  2.1
Short Blades   | |  0.7

Action                   |  1- 3 |  4- 6 || total
-------------------------+-------+-------++-------
Melee: Dagger            |    57 |    15 ||    72
       Unarmed           |     4 |       ||     4
       Punch             |     3 |       ||     3
 Cast: Magic Dart        |    76 |    59 ||   135
       Searing Ray       |       |     4 ||     4
  Use: Scroll            |       |     7 ||     7
 Stab: Sleeping          |     1 |       ||     1
Armor: Robe              |    14 |     7 ||    21
Dodge: Dodged            |    60 |    30 ||    90

Table legend: (Time is in decaauts)
 A = Elapsed time spent in this place.
 B = Non-inter-level travel time spent in this place.
 C = Inter-level travel time spent in this place.
 D = Time resting spent in this place.
 E = Time spent auto-exploring this place.
 F = Levels seen in this place.
 G = Mean time per level.
                   A        B        C        D        E       F      G
               +--------+--------+--------+--------+--------+-----+--------+
         Total |   3788 |   3741 |     47 |      5 |   3256 |   4 |  947.0 |
       Dungeon |   3788 |   3741 |     47 |      5 |   3256 |   4 |  947.0 |
               +--------+--------+--------+--------+--------+-----+--------+

Top non-repeatable levels by time:
     D:3: 1449 daAuts
     D:2: 1278 daAuts
     D:1: 986 daAuts
     D:4: 73 daAuts
